 Dungeon Crawl Stone Soup version 0.25.0-1-g7eea58d2a3 (webtiles) character file.

Game seed: 7515694015138157167

25819 Esekla the Slicer (level 13, -6/99 HPs)
             Began as a Barachi Wanderer on June 13, 2020.
             Was an Elder of Yredelemnul.
             Mangled by a nine-headed hydra (11 damage)
             ... on level 3 of the Lair of Beasts on June 14, 2020.
             The game lasted 02:46:42 (15459 turns).

Esekla the Slicer (Barachi Wanderer)               Turns: 15459, Time: 02:46:42

Health: -6/99      AC: 14    Str: 18    XL:     13   Next: 22%
Magic:  21/33      EV: 16    Int: 17    God:    Yredelemnul [****..]
Gold:   1175       SH:  0    Dex: 17    Spells: 7/27 levels left

rFire    . . .     SeeInvis .   s - +3 short sword
rCold    . . .     Gourm    .   (no shield)
rNeg     . . .     Faith    .   P - +0 troll leather armour
rPois    .         Spirit   .   k - +2 hat
rElec    .         Reflect  .   E - +2 cloak
rCorr    .         Harm     .   h - +2 pair of gloves {Str+3}
MR       .....                  I - +0 pair of boots
Stlth    +.........             j - amulet of regeneration
HPRegen  1.06/turn              c - ring of magical power
MPRegen  0.23/turn              H - +6 ring of dexterity

@: can't hop, slow
A: +LOS, swims, slowness 1, strong legs 2
a: Hop, Recall Undead Slaves, Injury Mirror, Animate Dead, Drain Life, Renounce
Religion


You were on level 3 of the Lair of Beasts.
You worshipped Yredelemnul.
Yredelemnul was greatly pleased with you.
You were not hungry.

You visited 3 branches of the dungeon, and saw 17 of its levels.

You collected 1301 gold pieces.
You spent 126 gold pieces at shops.

Inventory:

Hand Weapons
 s - a +3 short sword (weapon)
 v - a +2 short sword of venom
 z - a +3 long sword of freezing
 Q - a cursed +2 spear of freezing
Missiles
 e - 54 poisoned darts (quivered)
 w - 23 boomerangs
Armour
 h - a +2 pair of gloves of strength (worn)
 k - a +2 hat (worn)
 C - the +1 leather armour of Inference {rPois rN+ Dex-5}
   (You found it on level 6 of the Dungeon)

   It affects your dexterity (-5).
   It protects you from poison.
   It protects you from negative energy.
 E - a +2 cloak (worn)
 F - +0 acid dragon scales
 I - a +0 pair of boots (worn)
 O - a +2 robe of magic resistance
 P - a +0 troll leather armour (worn)
Jewellery
 c - a ring of magical power (left hand)
 g - an uncursed ring of fire
 j - an amulet of regeneration (around neck)
 o - a +6 ring of strength
 H - a +6 ring of dexterity (right hand)
 M - an uncursed ring of protection from magic
Wands
 t - a wand of flame (6)
 B - a wand of acid (7)
 D - a wand of digging (1)
 J - a wand of paralysis (5)
 T - a wand of random effects (8)
 U - a wand of clouds (12)
 Y - a wand of iceblast (6)
Scrolls
 b - a scroll of silence
 l - 6 scrolls of teleportation
 y - 2 scrolls of fog
 G - 3 scrolls of remove curse
 K - a scroll of brand weapon
 S - 2 scrolls of fear
 V - 4 scrolls of amnesia
 W - a scroll of noise
 X - a scroll of enchant armour
 Z - a scroll of enchant weapon
Potions
 a - a potion of resistance
 d - 2 potions of magic
 i - 6 potions of curing
 m - 3 potions of flight
 n - 4 potions of haste
 p - 2 potions of heal wounds
 q - a potion of ambrosia {unknown}
 r - 2 potions of stabbing
 u - 5 potions of lignification
 A - a potion of brilliance
 L - a potion of might {unknown}
 N - a potion of berserk rage {unknown}
 R - a potion of mutation {unknown}
Comestibles
 f - 35 rations


   Skills:
 + Level 8.5 Fighting
 + Level 10.2(11.5) Short Blades
 * Level 9.8(11.8) Long Blades
   Level 1.0 Crossbows
 - Level 1.0 Throwing
 + Level 6.1 Armour
 + Level 6.2 Dodging
   Level 1.1 Shields
 * Level 7.6 Spellcasting
 + Level 6.3 Conjurations
 + Level 3.1 Charms
 + Level 4.2 Translocations
 + Level 5.8 Fire Magic
   Level 1.2 Ice Magic
 * Level 8.0 Air Magic
 + Level 6.3 Poison Magic
 + Level 1.4 Invocations


You had 7 spell levels left.
You knew the following spells:

 Your Spells              Type           Power        Failure   Level  Hunger
a - Airstrike             Air            ####......   4%          4    ###....
b - Blink                 Tloc           N/A          3%          2    None
c - Mephitic Cloud        Conj/Pois/Air  ####....     2%          3    #......
d - Magic Dart            Conj           ####         1%          1    None
e - Swiftness             Chrm/Air       ####....     1%          2    None
f - Conjure Flame         Conj/Fire      ####....     3%          3    #......
g - Lightning Bolt        Conj/Air       ####......   19%         5    #####..

Your spell library contained the following spells:

 Spells                   Type           Power        Failure   Level  Hunger
 Shock                    Conj/Air       ####         1%          1    None
 Static Discharge         Conj/Air       ####....     1%          3    #......
 Spider Form              Tmut/Pois      ###.......   10%         3    #......
 Beastly Appendage        Tmut           #.....       12%         1    None
 Call Imp                 Summ           #.......     19%         2    None
 Slow                     Hex            #.......     19%         2    None
 Sticks to Snakes         Tmut           #.......     19%         2    None
 Ice Form                 Ice/Tmut       #.......     67%         4    ###....
 Blade Hands              Tmut           #.........   98%         5    #####..


Dungeon Overview and Level Annotations

Branches:
Dungeon (13/15)            Temple (1/1) D:6            Lair (3/6) D:11
    Orc (0/2) D:9
  Swamp: Lair:2-4    Shoals: Lair:2-4     Snake: Lair:2-4    Spider: Lair:2-4
 Vaults: D:13-14

Altars:
Cheibriados
Dithmenos
Elyvilon
Fedhas
Kikubaaqudgha
Trog
Vehumet
Yredelemnul

Shops:
D:11 !

Annotations:
D:12 Azrael
Lair:3 Deesahac's ghost, journeyman BaFi


Innate Abilities, Weirdness & Mutations

You can be seen from farther away. (+LOS)
You can swim through water.
You cover ground slowly.
You can hop long distances.


Message History

The 11-headed hydra misses you. The 11-headed hydra bites you.
* * * LOW HITPOINT WARNING * * *
The 11-headed hydra barely misses you. The 11-headed hydra bites you.
* * * LOW HITPOINT WARNING * * *
The 11-headed hydra bites you.
* * * LOW HITPOINT WARNING * * *
The 11-headed hydra bites you.
* * * LOW HITPOINT WARNING * * *
The 11-headed hydra bites you.
* * * LOW HITPOINT WARNING * * *
The 11-headed hydra bites you but does no damage.
The 11-headed hydra bites you!
* * * LOW HITPOINT WARNING * * *
The 11-headed hydra misses you.
Okay, then.
Casting: Conjure Flame (mildly dangerous; 3% risk of failure)
Confirm with . or Enter, or press ? or * to list all spells.
You blink.
The nine-headed hydra bites you!
You die...
Your body rises from the dead as a mindless zombie.

#.#....#....##
##....P.....# ###
#.##.....#..#
####§##########P##.#
.....#.### ###..#
§§§..§...#### ##§####
§§≈§§≈......## ##D##..♣#
≈≈≈≈§§≈§.....###.D#.$%=♣##
≈≈≈≈≈≈≈≈§.......@W'......#
§§≈≈≈§§§≈≈.....#..'..)...#
≈≈≈≈≈≈§§≈≈≈.....#.'.....♣#
....≈§§≈§≈§....##.#..=.♣#
.##.§§≈≈§§≈≈...##.##≈♣.#
####.†≈≈§≈≈§§..###.#####
....#†§§≈§§≈....####
.}>(##§≈§§≈≈≈..##
)[=.##§≈§≈≈≈≈.÷#


You could see a 11-headed hydra, a nine-headed hydra and Deesahac's ghost.

Vanquished Creatures
  A hydra (Lair:2)
  A two-headed ogre (D:9)
  An unseen horror (D:10)
  4 lindwurms (Lair:3)
  Pikel (D:6)
  A manticore (D:11)
  A cyclops (D:12)
  4 black mambas
  5 elephants
  Psyche (D:8)
  5 spiny frogs
  A centaur skeleton (D:11)
  A centaur zombie (D:12)
  A gargoyle (D:11)
  Maggie (D:7)
  A kobold demonologist (D:12)
  3 rime drakes
  3 komodo dragons
  A troll (D:12)
  5 blink frogs (Lair:3)
  4 hippogriffs
  A flying skull (D:11)
  A wraith (D:11)
  14 yaks
  A wyvern (D:10)
  A basilisk (Lair:2)
  Menkaure (D:7)
  3 wargs
  Edmund (D:6)
  4 water moccasins
  4 porcupines
  3 orc warriors
  4 slaves (D:6)
  A sky beast (D:10)
  3 phantoms
  16 wolves
  5 ogres
  2 black bears
  3 ice beasts
  9 centaurs
  6 crocodiles
  8 bullfrogs
  6 big kobolds
  A scorpion (D:8)
  12 killer bees
  2 wights
  5 howler monkeys
  12 crimson imps
  2 bullfrog zombies
  2 jellies
  4 orc priests
  7 hounds
  5 orc wizards
  3 bullfrog skeletons
  4 iguanas
  9 worker ants
  A howler monkey zombie (D:5)
  Robin (D:3)
  4 gnolls
  16 adders
  A river rat (D:4)
  A shadow imp (D:6)
  2 white imps (D:7)
  An ooze (D:2)
  An adder zombie (D:6)
  2 adder skeletons
  6 worms
  2 dart slugs
  4 leopard geckos
  37 orcs
  8 bats
  8 giant cockroaches
  16 goblins
  10 hobgoblins
  6 jackals
  6 quokkas
  2 ball pythons
  5 frilled lizards
  A jackal skeleton (D:8)
  26 kobolds
  A quokka zombie (D:6)
  5 rats
  A butterfly (Lair:1)
385 creatures vanquished.

Vanquished Creatures (collateral kills)
  A rime drake (Lair:3)
  A meliai zombie (D:11)
  4 yaks
  A warg (D:11)
  A sky beast (D:9)
  A wolf (Lair:3)
  A killer bee (D:11)
  A hound (Lair:3)
  An orc priest (D:11)
  A hound zombie (D:11)
  A mummy (D:10)
  An orc (D:8)
15 creatures vanquished.

Vanquished Creatures (others)
  A flying skull (D:11)
  A wyvern skeleton (D:12)
  2 wights
  An orc (D:10)
  7 fungi
  6 plants (Lair:3)
18 creatures vanquished.

Grand Total: 418 creatures vanquished

Notes
Turn   | Place    | Note
-------+----------+-------------------------------------------
     0 | D:1      | Esekla the Barachi Wanderer began the quest for the Orb.
     0 | D:1      | Esekla set off with the following items: a +0 club, a +0
                  | ring mail, a scroll of teleportation, a ration; and the
                  | following spell memorised: Magic Dart; and the following
                  | spells available to memorise: Blink, Call Imp, Slow,
                  | Conjure Flame, Mephitic Cloud
     0 | D:1      | Reached XP level 1. HP: 18/18 MP: 3/3
   357 | D:2      | Reached XP level 2. HP: 9/25 MP: 5/5
   373 | D:2      | Reached skill level 1 in Dodging
   373 | D:2      | Reached XP level 3. HP: 3/31 MP: 6/6
   379 | D:2      | HP: 1/31 [hobgoblin/cursed -1 club (3)]
   485 | D:1      | Learned a level 2 spell: Blink
   489 | D:1      | Learned a level 3 spell: Mephitic Cloud
  1393 | D:2      | Reached XP level 4. HP: 24/38 MP: 7/7
  1706 | D:1      | Reached skill level 1 in Short Blades
  2244 | D:2      | Reached skill level 1 in Conjurations
  2383 | D:2      | Found an ancient bone altar of Kikubaaqudgha.
  2465 | D:2      | Reached skill level 2 in Short Blades
  2465 | D:2      | Reached skill level 1 in Air Magic
  2465 | D:2      | Reached skill level 1 in Poison Magic
  2465 | D:2      | Reached XP level 5. HP: 43/43 MP: 8/8
  2746 | D:3      | Reached skill level 5 in Fighting
  2746 | D:3      | Reached skill level 3 in Short Blades
  2852 | D:3      | Learned a level 3 spell: Conjure Flame
  2993 | D:3      | Reached XP level 6. HP: 49/51 MP: 10/10
  3039 | D:3      | Found a bloodstained altar of Trog.
  3291 | D:3      | Found a faded altar of an unknown god.
  3311 | D:3      | Became a worshipper of Yredelemnul the Dark
  3311 | D:3      | Reached * piety under Yredelemnul
  3353 | D:3      | Noticed Robin
  3427 | D:3      | Noticed a hippogriff
  3447 | D:3      | Killed a hippogriff
  3447 | D:3      | Reached skill level 4 in Short Blades
  3447 | D:3      | Reached skill level 1 in Fire Magic
  3447 | D:3      | Reached XP level 7. HP: 48/56 MP: 11/11
  3459 | D:3      | You fall into a shaft and drop 2 floors!
  3459 | D:5      | Entered Level 5 of the Dungeon
  3662 | D:6      | Found a staircase to the Ecumenical Temple.
  4005 | D:4      | Reached ** piety under Yredelemnul
  4005 | D:4      | Reached skill level 5 in Short Blades
  4648 | D:4      | Reached XP level 8. HP: 63/63 MP: 13/13
  5151 | D:3      | Killed Robin
  6060 | D:5      | Reached skill level 6 in Short Blades
  6089 | D:6      | Noticed Edmund
  6100 | D:6      | Killed Edmund
  6195 | D:6      | Got a transparent leather armour
  6222 | D:6      | Identified the cursed +1 leather armour of Inference {rPois
                  | rN+ Dex-5} (You found it on level 6 of the Dungeon)
  6511 | D:6      | Noticed Pikel
  6547 | D:6      | Killed Pikel
  6547 | D:6      | Reached skill level 7 in Short Blades
  6547 | D:6      | Reached XP level 9. HP: 51/69 MP: 15/15
  6619 | Temple   | Entered the Ecumenical Temple
  6853 | D:7      | Reached *** piety under Yredelemnul
  6924 | D:7      | Noticed Menkaure
  6981 | D:7      | Killed Menkaure
  7182 | D:7      | Noticed Maggie
  7202 | D:7      | Killed Maggie
  7299 | D:7      | Reached skill level 8 in Short Blades
  7884 | D:8      | Noticed Psyche
  7906 | D:8      | Killed Psyche
  7906 | D:8      | Reached skill level 5 in Spellcasting
  7971 | D:8      | Reached XP level 10. HP: 77/77 MP: 17/17
  8199 | D:8      | Reached skill level 5 in Poison Magic
  8205 | D:8      | Received a gift from Yredelemnul (a wight)
  8309 | D:8      | Learned a level 2 spell: Swiftness
  8346 | D:8      | Learned a level 4 spell: Airstrike
  8619 | D:9      | Paralysed by a kobold for 3 turns
  8630 | D:9      | Received a gift from Yredelemnul (a mummy)
  8868 | D:9      | Reached skill level 9 in Short Blades
  8977 | D:9      | Noticed a two-headed ogre
  9002 | D:9      | Killed a two-headed ogre
  9109 | D:9      | Found a staircase to the Orcish Mines.
  9182 | D:10     | Entered Level 10 of the Dungeon
  9287 | D:10     | Reached skill level 5 in Air Magic
  9392 | D:10     | Reached skill level 5 in Conjurations
  9518 | D:10     | Received a gift from Yredelemnul (a wight)
  9873 | D:10     | Reached skill level 5 in Fire Magic
  9967 | D:9      | Reached skill level 1 in Long Blades
  9967 | D:9      | Reached XP level 11. HP: 54/83 MP: 19/19
 10342 | D:10     | Killed an unseen horror
 10655 | D:11     | Received a gift from Yredelemnul (a wight)
 10675 | D:11     | You fall into a shaft and drop 1 floor!
 10765 | D:12     | Reached **** piety under Yredelemnul
 10815 | D:12     | Noticed Azrael
 11313 | D:12     | Noticed a cyclops
 11324 | D:12     | Killed a cyclops
 11324 | D:12     | Reached skill level 5 in Armour
 11618 | D:11     | Received a gift from Yredelemnul (2 flying skulls)
 11645 | D:11     | Found a staircase to the Lair.
 11689 | D:11     | Found Vexyibbo's Distillery.
 11728 | D:11     | Reached skill level 1 in Charms
 11740 | D:11     | Reached skill level 1 in Translocations
 11773 | D:11     | Reached skill level 5 in Dodging
 11938 | D:11     | Bought 2 potions of lignification for 84 gold pieces
 11938 | D:11     | Bought a potion of curing for 42 gold pieces
 12301 | D:11     | Learned a level 5 spell: Lightning Bolt
 12401 | D:11     | Reached skill level 5 in Long Blades
 12411 | D:11     | Noticed a manticore
 12426 | D:11     | Killed a manticore
 12563 | Lair:1   | Entered Level 1 of the Lair of Beasts
 12624 | Lair:1   | Reached skill level 1 in Invocations
 12630 | Lair:1   | Reached XP level 12. HP: 44/91 MP: 22/22
 12704 | Lair:1   | Found a blossoming altar of Fedhas.
 13444 | Lair:2   | Noticed a six-headed hydra
 13713 | Lair:2   | Killed a six-headed hydra
 14323 | Lair:2   | Reached skill level 10 in Short Blades
 14323 | Lair:2   | Received a gift from Yredelemnul (a wight)
 14629 | Lair:3   | Gained mutation: You can hop long distances. [Barachi
                  | growth]
 14629 | Lair:3   | Reached XP level 13. HP: 82/98 MP: 24/24
 14901 | Lair:3   | Found a runed translucent gate.
 14903 | Lair:3   | Found a runed translucent gate.
 14904 | Lair:3   | Found a runed translucent gate.
 14905 | Lair:3   | Noticed Deesahac's ghost (journeyman BaFi)
 15458 | Lair:3   | HP: 4/99 [11-headed hydra (7)]
 15459 | Lair:3   | Mangled by a nine-headed hydra

Illustrated notes

Levels and vault maps discovered:
D:1:      nzn_arrival_crosshair, layout_loops_cross
D:2:      layout_rooms, marbit_many_paths, first_ration
D:3:      layout_loops_ring, chequers_ecumenical_altar_simple_redux,
          bloody_trog, uniq_robin
D:4:      layout_loops_ring, gup_sewer_entry_bubbles, serial_co_window_serial,
          co_window_of_opportunity_a, co_window_cross_1, co_window_paths_b,
          co_window_corner_a, co_window_of_opportunity_a, co_window_paths_a,
          co_window_paths_a, co_window_corner_ca, co_window_paths_c,
          co_window_cross_4, co_window_unsneaky_path_e, glass_columns_b,
          glass_columns_c, glass_columns_b, glass_columns_a, glass_columns_a,
          hangedman_minor_gate_pass
D:5:      cheibrodos_thug_alley, layout_rooms
D:6:      layout_rooms, minmay_temple_entry_glassed_door, minmay_misc_feat_x,
          uniq_edmund, uniq_pikel
D:7:      layout_layer_cave, minmay_nine_imps, uniq_maggie, uniq_menkaure
D:8:      layout_basic, uniq_psyche
D:9:      layout_rooms, orc_0_dummy
D:10:     layout_long_grid
D:11:     layout_gridville, erik_lair_orcish_takeover, serial_shops,
          nicolae_shop_waterfront
D:12:     layout_loops_ring, basic_altar, enter_trove_5, uniq_azrael
D:13:     layout_layer_cave, david_vaults_5, serial_shops, shop, grunt_ogre_cave
Temple:   nicolae_temple_the_god_donut
Lair:1:   layout_roguey, basic_altar, lemuel_fruit_fields,
          infiniplex_staircase_pool
Lair:2:   layout_long_grid, infiniplex_staircase_pool_2
Lair:3:   beast_lair_carwin_large_1, layout_layer_cave,
          gammafunk_ghost_hydra_chop, minmay_lindwurm_lava

Skill      XL: |  1  2  3  4  5  6  7  8  9 10 11 12 13 |
---------------+----------------------------------------+-----
Fighting       | 4 5 6 7 8 |  8.5
Dodging        | 1 2 3 4 5 6 |  6.2
Short Blades   | 2 3 4 5 7 8 9 10 | 10.2
Conjurations   | 1 2 3 4 5 6 |  6.3
Air Magic      | 1 2 3 4 5 6 7 8 |  8.0
Poison Magic   | 1 2 3 4 5 6 |  6.3
Spellcasting   | 3 4 5 6 7 |  7.6
Fire Magic     | 1 2 3 4 5 |  5.8
Armour         | 2 4 5 6 |  6.1
Long Blades    | 1 5 8 9 |  9.8
Charms         | 2 3 |  3.1
Translocations | 1 4 |  4.2
Invocations    | 1 |  1.4
Crossbows      | |  1.0
Throwing       | |  1.0
Shields        | |  1.1
Ice Magic      | |  1.2

Action                   |  1- 3 |  4- 6 |  7- 9 | 10-12 | 13-15 || total
-------------------------+-------+-------+-------+-------+-------++-------
Melee: Dagger            |    17 |       |       |       |       ||    17
       Club              |     7 |       |       |       |       ||     7
       Short sword       |    42 |   134 |   454 |   413 |     3 ||  1046
       Long sword        |       |       |       |   409 |    56 ||   465
Throw: Dart              |       |     1 |    50 |    67 |    17 ||   135
       Boomerang         |       |       |       |     4 |       ||     4
 Cast: Magic Dart        |    12 |    24 |    74 |    45 |     5 ||   160
       Mephitic Cloud    |       |     6 |     7 |    38 |     5 ||    56
       Blink             |       |       |     2 |    10 |     1 ||    13
       Airstrike         |       |       |       |    11 |       ||    11
       Conjure Flame     |       |       |       |     4 |     2 ||     6
       Lightning Bolt    |       |       |       |     1 |     3 ||     4
       Swiftness         |       |       |       |     1 |       ||     1
Invok: Injury Mirror     |       |       |     1 |     8 |       ||     9
       Drain Life        |       |       |       |     3 |     1 ||     4
 Abil: Hop               |     1 |       |     3 |     2 |     3 ||     9
  Use: Scroll            |     1 |     2 |     5 |    11 |     4 ||    23
       Potion            |       |       |       |     2 |     2 ||     4
 Stab: Sleeping          |     1 |       |     2 |       |       ||     3
       Confused          |       |     1 |     1 |    33 |     2 ||    37
  Eat: Chunk             |     2 |     8 |    14 |    16 |     2 ||    42
       Ration            |       |       |     1 |     4 |     1 ||     6
Armor: Ring mail         |    17 |       |       |       |       ||    17
       Robe              |    12 |    40 |    43 |       |       ||    95
       Leather armour    |       |       |   100 |   162 |       ||   262
       Troll leather arm |       |       |       |   172 |    21 ||   193
Dodge: Dodged            |    42 |    77 |   190 |   494 |    32 ||   835
       Rpst.: Long sword |       |       |       |    88 |     8 ||    96
